 Dungeon Crawl Stone Soup version 0.21.1-1-g345015fe64 (webtiles) character file.

70 ImError the Skirmisher (level 4, -1/40 HPs)
             Began as a Hill Orc Fighter on Apr 27, 2018.
             Slain by Crazy Yiuf
             ... wielding a +4 quarterstaff of chaos
              (10 damage)
             ... on level 2 of the Dungeon.
             The game lasted 00:05:57 (1976 turns).

ImError the Skirmisher (Hill Orc Fighter)           Turns: 1976, Time: 00:05:58

Health: -1/40      AC:  7    Str: 19    XL:     4   Next: 21%
Magic:  4/4        EV:  7    Int:  8    God:
Gold:   103        SH:  9    Dex: 10    Spells: 2/3 levels left

rFire    . . .     SeeInvis .   a - +0 war axe
rCold    . . .     Gourm    .   c - +0 shield
rNeg     . . .     Faith    .   b - +0 scale mail
rPois    .         Spirit   .   (no helmet)
rElec    .         Reflect  .   (no cloak)
rCorr    .         Harm     .   (no gloves)
MR       .....                  (no boots)
Stlth    ..........             (no amulet)
HPRegen  0.13/turn              (no ring)
MPRegen  0.09/turn              (no ring)

@: slowed, drained, very slow
A: no striking features
a: no special abilities


You were on level 2 of the Dungeon.
You were very hungry.

You visited 1 branch of the dungeon, and saw 3 of its levels.

You collected 103 gold pieces.

Inventory:

Hand Weapons
 a - a +0 war axe (weapon)
Missiles
 e - a throwing net (quivered)
 n - 119 stones
Armour
 b - a +0 scale mail (worn)
 c - a +0 shield (worn)
Scrolls
 g - a scroll of immolation {unknown}
 h - a scroll of enchant armour {unknown}
 j - 2 scrolls of remove curse {unknown}
 l - 4 scrolls of identify {unknown}
 p - a scroll of amnesia {unknown}
 r - a scroll of magic mapping {unknown}
Potions
 d - a potion of might
 i - a potion of degeneration {unknown}
 k - 2 potions of flight {unknown}
 m - a potion of magic {unknown}
 q - a potion of curing {unknown}
Books
 o - a book of Cantrips

   Spells                             Type                      Level
   a - Confusing Touch                Hexes                        1
   b - Animate Skeleton               Necromancy                   1
   c - Summon Small Mammal            Summoning                    1
   d - Apportation                    Translocation                1
Comestibles
 f - 5 rations


   Skills:
 + Level 4.3(4.0) Fighting
 + Level 3.6(3.4) Axes
 + Level 3.9(3.7) Armour
 + Level 3.9(3.7) Shields


You had 2 spell levels left.
You knew the following spells:

 Your Spells              Type           Power        Failure   Level  Hunger
a - Animate Skeleton      Necr           N/A          99%         1    ##.....


Dungeon Overview and Level Annotations

Branches:
Dungeon (3/15)

Altars:
Qazlal
Xom

Annotations:
D:2 Crazy Yiuf


Message History

You closely miss Crazy Yiuf.
Crazy Yiuf is lightly wounded.
Crazy Yiuf hits you with a quarterstaff of chaos.
* * * LOW HITPOINT WARNING * * *
Crazy Yiuf closely misses you.
Crazy Yiuf hits you with a quarterstaff of chaos.
* * * LOW HITPOINT WARNING * * *
You feel yourself slow down. Crazy Yiuf barely misses you.
Crazy Yiuf cries, "Citrus sizzlefizz meccalolo!"
Crazy Yiuf whimpers, "Snurf bush seventy!"
Crazy Yiuf hits you with a quarterstaff of chaos.
* * * LOW HITPOINT WARNING * * *
Crazy Yiuf draws strength from your wounds!
There is an open door here.
Crazy Yiuf barely misses you.
Crazy Yiuf whimpers, "Island green hog!"
Crazy Yiuf says, "You ena hog!"
Crazy Yiuf hits you with a quarterstaff of chaos!
You die...

# #....## #### # #######.....# #
### ### #..........## # #### #.#
#.# #########.## # ...# #.#
###.##### #.# # ##.# #.#
#.......# #.# # ##.###.#
#.#.###.# ##'## # .......#
#.#.###.# ##...## # ##.#####
#.#...#@# ##.....## .#.###
#.###.#g# ##.....>.## ##
...#.#####.##....###.........###.
....#..............'.........'...
.....#.######...####.......#####.
......## #....## ##.....##8##⌠.
.....## #.#### ##...##...##.
#...## #.# ##..#_...... ##.## #.#
##'##...##⌠


You could see Crazy Yiuf.

Vanquished Creatures
  Robin (D:2)
  An adder (D:2)
  An ooze (D:3)
  2 leopard geckos (D:1)
  2 bats (D:1)
  2 giant cockroaches (D:1)
  11 goblins
  7 hobgoblins
  2 quokkas
  A frilled lizard (D:1)
  5 kobolds
  4 rats
39 creatures vanquished.

Notes
Turn   | Place    | Note
-------+----------+-------------------------------------------
     0 | D:1      | ImError the Hill Orc Fighter began the quest for the Orb.
     0 | D:1      | Reached XP level 1. HP: 19/19 MP: 1/1
   139 | D:1      | Reached XP level 2. HP: 24/27 MP: 2/2
   616 | D:1      | Reached XP level 3. HP: 33/33 MP: 3/3
   735 | D:2      | Reached skill level 4 in Fighting
   739 | D:2      | Noticed Robin
   758 | D:2      | Killed Robin
   785 | D:2      | Learned a level 1 spell: Animate Skeleton
   883 | D:2      | Reached XP level 4. HP: 35/40 MP: 4/4
  1043 | D:2      | Found a stormy altar of Qazlal.
  1043 | D:2      | Found a shimmering altar of Xom.
  1137 | D:2      | Found a runed door.
  1630 | D:2      | Noticed Crazy Yiuf
  1976 | D:2      | Slain by Crazy Yiuf

Skill      XL: |  1  2  3 |
---------------+----------+-----
Axes           | 3 |  3.6
Fighting       | 4 |  4.3
Armour         | |  3.9
Shields        | |  3.9

Action                   |  1- 3 |  4- 6 || total
-------------------------+-------+-------++-------
Melee: War axe           |    87 |    40 ||   127
  Eat: Chunk             |       |     2 ||     2
Armor: Scale mail        |    41 |    14 ||    55
Dodge: Dodged            |    29 |    12 ||    41
Block: Shield            |    49 |    16 ||    65
